 Dungeon Crawl Stone Soup version 0.16-a0-2934-g71f8417 (webtiles) character file.

8 Pikaro the Conjurer (level 2, -31/15 HPs)
             Began as a Deep Elf Conjurer on Dec 3, 2014.
             Killed from afar by a jackal (35 damage)
             ... with an exploding inner flame
             ... hexed by the player character
             ... on level 1 of the Dungeon.
             The game lasted 00:01:31 (419 turns).

Pikaro the Conjurer (Deep Elf Conjurer)              Turns: 419, Time: 00:01:31

Health: -31/15     AC:  3    Str:  5    XL:     2   Next: 0%
Magic:  0/8        EV: 13    Int: 19    God:
Gold:   32         SH:  0    Dex: 15    Spells: 1 memorised, 6 levels left

rFire  . . .     SeeInvis .     (no weapon)
rCold  . . .     Clarity  .     a - +0 robe
rNeg   . . .     SustAb   .     (no shield)
rPois  .         Gourm    .     (no helmet)
rElec  .         Spirit   .     (no cloak)
rCorr  .         Warding  .     (no gloves)
rMut   .         Stasis   .     d - +0 pair of boots
MR     .....                    f - amulet of rage {+Rage, !d}
Stlth  ++........               (no ring)
                                (no ring)

@: not resistant to hostile enchantments, unstealthy
A: no striking features
a: Evoke Berserk Rage


You were on level 1 of the Dungeon.
You were not hungry.

You visited 1 branch of the dungeon, and saw 1 of its levels.

You collected 32 gold pieces.

Inventory:

Armour
 a - a +0 robe (worn)
 d - a +0 pair of boots (worn)
   (You found it on level 1 of the Dungeon)
Jewellery
 f - an amulet of rage (around neck) {+Rage, !d}
   (You found it on level 1 of the Dungeon)
Scrolls
 g - a scroll of fog {unknown}
Books
 c - a book of Conjurations
Comestibles
 b - a bread ration {@e1}


   Skills:
 - Level 2.4 Dodging
 - Level 2.4 Stealth
 - Level 3.0 Spellcasting
 + Level 4.9 Conjurations


You had 6 spell levels left.
You knew the following spells:

 Your Spells              Type           Power        Failure   Level  Hunger
a - Magic Dart            Conj           ###.         1%          1    None


Dungeon Overview and Level Annotations

Branches:
Dungeon (1/15)

Altars:


Message History

You now have 3/5 mp.
You start resting.
MP restored: 5
g - a scroll labeled JUIDEKLYHET You open the door.
A jackal comes into view.
Spoiler Alert: The jackal (wandering) is fast!
The magic dart hits the jackal.
You now have 4/5 mp.
Spoiler Alert: The jackal is fast!
The magic dart hits the jackal.
You now have 3/5 mp.
A jackal is nearby!
The magic dart hits the jackal.
You kill the jackal!
You now have 2/5 mp.
You start resting.
MP restored: 5
There is an open door here.
You see here a jackal corpse.
A jackal comes into view.
Spoiler Alert: The jackal (wandering) is fast!
The magic dart hits the jackal.
You now have 4/5 mp.
Spoiler Alert: The jackal is fast!
You miscast Magic Dart.
You are very lightly contaminated with residual magic.
Nothing appears to happen.
A jackal comes into view.
You now have 3/5 mp.
Warning x2: The jackal is fast!
The jackal (wandering) is fast!
The magic dart hits the jackal.
You now have 2/5 mp.
Warning x2: The jackal is fast! x2
The magic dart hits the jackal.
The jackal bites you.
The jackal bites you but does no damage.
You take 1 damage, and have 9/10 hp.
You now have 1/5 mp.
You are too depleted to cast spells recklessly!
The magic dart hits the jackal.
* * * LOW MAGIC WARNING * * *
The jackal bites you.
You take 2 damage, and have 7/10 hp.
You now have 0/5 mp.
Warning x2: The jackal is fast! x2
The jackal bites you but does no damage.
The jackal bites you.
You take 2 damage, and have 5/10 hp.
The jackal barely misses you. The jackal barely misses you.
The jackal barely misses you.
Warning x2: The jackal is fast! x2
The magic dart hits the jackal.
You kill the jackal!
You have reached level 2!
* * * LOW MAGIC WARNING * * *
The jackal bites you but does no damage.
You regained 2 hp, and now have 7/15 hp.
You now have 0/8 mp.
Spoiler Alert: The jackal is fast!
The jackal bites you.
* * * LOW HITPOINT WARNING * * *
You take 3 damage, and have 4/15 hp.
The magic dart hits the jackal.
* * * LOW MAGIC WARNING * * *
The jackal bites you but does no damage.
The jackal barely misses you.
Your magical contamination has completely faded away.
You now have 0/8 mp.
Spoiler Alert: The jackal is fast!
You aren't carrying any potions.
Read which item? (? for menu, Esc to quit)
As you read the scroll labeled JENATZ GEDDEEX, it crumbles to dust.
The creatures around you are filled with an inner flame!
It was a scroll of immolation.
The jackal closely misses you.
Spoiler Alert: The jackal (inner flame) is fast!
The jackal bites you but does no damage.
There is an open door here.
You see here a jackal corpse.
Spoiler Alert: The jackal (inner flame) is fast!
Spoiler Alert: The jackal (inner flame) is fast!
Spoiler Alert: The jackal (inner flame) is fast!
The jackal closely misses you.
You see here a giant gecko corpse.
Spoiler Alert: The jackal (inner flame) is fast!
Spoiler Alert: The jackal (inner flame) is fast!
The jackal bites you but does no damage.
Spoiler Alert: The jackal (inner flame) is fast!
Spoiler Alert: The jackal (inner flame) is fast!
Spoiler Alert: The jackal (inner flame) is fast!
The jackal bites you.
* * * LOW HITPOINT WARNING * * *
You take 1 damage, and have 4/15 hp.
Spoiler Alert: The jackal (inner flame) is fast!
You aren't carrying any items that can be evoked.
Spoiler Alert: The jackal (inner flame) is fast!
Spoiler Alert: The jackal (inner flame) is fast!
The magic dart hits the jackal.
The jackal explodes!
The fiery explosion engulfs you!
Ouch! That really hurt!
You die...

#..........# #..........# .
#..........# #..........#
#.......)..# #..........#
#..........#
#########.....§§§..##########.#
..†.....†..†..§.@..'....>.....#
####....#.....§§§..#####..#####
#..(.#################.## ##
#....#####.........# #..# .#
#....#.............# ##.## .#
#....#......[......# #..#
.###....#.............#####.##
...'....'....................#
.###....#.............##...#.#


There were no monsters in sight!

Vanquished Creatures
  2 giant geckos (D:1)
  A giant cockroach (D:1)
  2 jackals (D:1)
  A kobold (D:1)
  A rat (D:1)
7 creatures vanquished.

Notes
Turn   | Place    | Note
--------------------------------------------------------------
     0 | D:1      | Pikaro, the Deep Elf Conjurer, began the quest for the Orb.
     0 | D:1      | Reached XP level 1. HP: 10/10 MP: 5/5
   403 | D:1      | Reached XP level 2. HP: 7/15 MP: 0/8
   419 | D:1      | Killed from afar by a jackal

Action                   || total
-------------------------++-------
 Cast: Magic Dart        ||    19
  Use: Scroll            ||     1

Vault maps used:
D:1:      minmay_arrival_split_and_join, minivault_26

Table legend:
 A = Turns spent in this place as a percentage of turns spent in the entire game.
 B = Non-inter-level travel turns spent in this place as a percentage of non-inter-level travel turns spent in the entire game.
 C = Inter-level travel turns spent in this place as a percentage of turns spent in this place.
 D = Turns resting spent in this place as a percentage of non-inter-level travel turns spent in this place.
 E = Turns spent auto-exploring this place as a percentage of non-inter-level travel turns spent in this place.
 F = Non-inter-level travel turns spent in this place divided by the number of levels of this place that you've seen.
                   A       B       C       D       E      F
               +-------+-------+-------+-------+-------+----------------------
         Total | 100.0 | 100.0 |   0.0 |  13.8 |  12.6 |  87.0
       Dungeon | 100.0 | 100.0 |   0.0 |  13.8 |  12.6 |  87.0
               +-------+-------+-------+-------+-------+----------------------

Table legend:
 A = Kills in this place as a percentage of kills in entire the game.
 B = Kills by you in this place as a percentage of kills by you in the entire game.
 C = Kills by friends in this place as a percentage of kills by friends in the entire game.
 D = Other kills in this place as a percentage of other kills in the entire game.
 E = Experience gained in this place as a percentage of experience gained in the entire game.
 F = Experience gained in this place divided by the number of levels of this place that you have seen.
                   A       B       C       D       E      F
               +-------+-------+-------+-------+-------+----------------------
         Total | 100.0 | 100.0 |  -nan |  -nan | 100.0 |  12.0
       Dungeon | 100.0 | 100.0 |  -nan |  -nan | 100.0 |  12.0
               +-------+-------+-------+-------+-------+----------------------
